 Dungeon Crawl Stone Soup version 0.26.0-45-g9c1d065592 (webtiles) character file.

Game seed: 11910365811125836932

77 EnegeticOcto the Chiller (level 4, -2/30 HPs)
             Began as a Barachi Ice Elementalist on Jan 31, 2021.
             Slain by an ogre
             ... wielding a +0 giant spiked club
              (19 damage)
             ... on level 4 of the Dungeon.
             The game lasted 00:05:26 (497 turns).

EnegeticOcto the Chiller (Barachi Ice Elementalist)  Turns: 497, Time: 00:05:27

Health: -2/30      AC:  2    Str: 15    XL:     4   Next: 34%
Magic:  1/7        EV: 12    Int: 17    God:
Gold:   53         SH:  0    Dex: 12    Spells: 3/7 levels left

rFire    . . .     SeeInvis .   k - +0 quarterstaff
rCold    . . .     Faith    .   (shield currently unavailable)
rNeg     . . .     Spirit   .   a - +0 robe
rPois    .         Reflect  .   (no helmet)
rElec    .         Harm     .   (no cloak)
rCorr    .         Rampage  .   (no gloves)
Will     .....                  (no boots)
Stlth    ++........             (no amulet)
HPRegen  0.10/turn              f - +6 ring of strength
MPRegen  0.10/turn              (no ring)

@: frozen ramparts, slow
A: +LOS, swims, slowness 1, strong legs 1
a: Hop


You were on level 4 of the Dungeon.
You visited 1 branch of the dungeon, and saw 4 of its levels.

You collected 53 gold pieces.

Inventory:

Hand Weapons
 c - a +0 whip
   (You took it off a kobold on level 1 of the Dungeon)
 d - a +2 dagger of speed
   (You took it off a kobold on level 1 of the Dungeon)
 k - a +0 quarterstaff (weapon)
   (You found it on level 4 of the Dungeon)
Armour
 a - a +0 robe (worn)
Jewellery
 f - a +6 ring of strength (left hand)
   (You found it on level 1 of the Dungeon)
Scrolls
 i - a scroll of remove curse {@r2}
Potions
 g - 2 potions of heal wounds {@q2 !q}
 h - a potion of degeneration
 j - a potion of curing {unknown}


   Skills:
 - Level 2.1 Dodging
 - Level 1.7 Stealth
 - Level 2.1 Spellcasting
 + Level 6.9 Ice Magic


You had 3 spell levels left.
You knew the following spells:

 Your Spells              Type           Power        Failure   Level
a - Freeze                Ice            100%         1%          1
b - Frozen Ramparts       Ice            50%          3%          3

Your spell library contained the following spells:

 Spells                   Type           Power        Failure   Level
 Ozocubu's Armour         Ice            25%          3%          3
 Hailstorm                Conj/Ice       13%          41%         4
 Summon Ice Beast         Ice/Summ       13%          41%         4


Dungeon Overview and Level Annotations

Branches:
Dungeon (4/15)
 Temple: D:4-7

Altars:

Shops:
D:4 }


Innate Abilities, Weirdness & Mutations

You can be seen from farther away. (+LOS)
You can swim through water.
You cover ground slowly.
You can hop short distances.


Message History

As you read the scroll of identify {@r1}, it crumbles to dust.
h - a potion of degeneration Your surroundings seem slightly different.
A worker ant and an orc come into view.
The worker ant moves out of view.
A bullfrog skeleton comes into view.
A quokka comes into view.
The orc shouts!
You hear a shout!
The worker ant barely misses you.
The worker ant bites you but does no damage.
A howler monkey skeleton comes into view.
Casting: Freeze (safe; 1% risk of failure)
Confirm with . or Enter, or press ? or * to list all spells.
The spell is quite dangerous to cast (4% risk of failure)!
Continue anyway?
Casting: Frozen Ramparts (quite dangerous; 4% risk of failure)
Press: ? - help, Dir - look around, f - activate The walls around you are covered in ice.
The wall freezes the worker ant.
The worker ant closely misses you.
You thump the worker ant!
The worker ant is heavily wounded.
The wall freezes the worker ant.
The worker ant closely misses you.
The wall freezes the quokka.
A giant cockroach comes into view.
The wall freezes the worker ant.
The worker ant bites you.
You closely miss the worker ant.
The worker ant is severely wounded.
The wall freezes the quokka.
You kill the quokka!
The wall freezes the orc.
An ogre comes into view. It is wielding a +0 giant spiked club.
The howler monkey skeleton completely resists.
The wall freezes the howler monkey skeleton but does no damage.
The wall freezes the worker ant.
The worker ant barely misses you.
You closely miss the worker ant.
The worker ant is almost dead.
The wall freezes the worker ant.
You kill the worker ant!
The bullfrog skeleton completely resists.
The wall freezes the bullfrog skeleton but does no damage.
The howler monkey skeleton completely resists.
The wall freezes the howler monkey skeleton but does no damage.
The howler monkey skeleton resists.
The wall freezes the howler monkey skeleton.
The howler monkey skeleton barely misses you.
You have reached level 4!
You feel clever.
You sock the howler monkey skeleton!
The howler monkey skeleton is severely damaged.
The howler monkey skeleton completely resists.
The wall freezes the howler monkey skeleton but does no damage.
The howler monkey skeleton hits you.
You barely miss the howler monkey skeleton.
The howler monkey skeleton is severely damaged.
The bullfrog skeleton completely resists.
The wall freezes the bullfrog skeleton but does no damage.
The wall freezes the orc.
You kill the orc!
The wall freezes the ogre!
The howler monkey skeleton resists.
The wall freezes the howler monkey skeleton.
The howler monkey skeleton barely misses you.
You hit the howler monkey skeleton but do no damage.
The howler monkey skeleton is severely damaged.
The bullfrog skeleton completely resists.
The wall freezes the bullfrog skeleton but does no damage.
The bullfrog skeleton closely misses you.
The wall freezes the ogre.
The howler monkey skeleton completely resists.
The wall freezes the howler monkey skeleton but does no damage.
The howler monkey skeleton hits you but does no damage.
The howler monkey skeleton completely resists.
The wall freezes the howler monkey skeleton but does no damage.
The howler monkey skeleton barely misses you.
You sock the ogre!
The ogre is severely wounded.
The frozen ramparts melt away.
The ogre barely misses you.
The howler monkey skeleton closely misses you.
Casting: Frozen Ramparts (dangerous; 3% risk of failure)
Confirm with . or Enter, or press ? or * to list all spells.
Casting: Frozen Ramparts (dangerous; 3% risk of failure)
Press: ? - help, Dir - look around, f - activate A rock wall.
The walls around you are covered in ice.
The bullfrog skeleton resists.
The wall freezes the bullfrog skeleton.
The howler monkey skeleton resists.
The wall freezes the howler monkey skeleton.
The howler monkey skeleton barely misses you.
The wall freezes the ogre.
The ogre completely misses you.
You hit the ogre.
The ogre is almost dead.
The howler monkey skeleton resists.
The wall freezes the howler monkey skeleton.
The howler monkey skeleton misses you.
The bullfrog skeleton completely resists.
The wall freezes the bullfrog skeleton but does no damage.
You barely miss the ogre.
The ogre is almost dead.
The wall freezes the ogre.
The ogre hits you with a +0 giant spiked club!!
Ouch! That really hurt!
You die...

###########
.........##
.........# #...#
...######### #.#.#
#........§..
#@Z.###.#######...
#†.O###....# #...
#.#. #.#..# #...
#. .# #....# #...
.. .# .###.# #...
.. .# #. #.# #...
## .# .. #..
...[.. ## .## ..##
###### # ..#


You could see an ogre and a howler monkey skeleton.

Vanquished Creatures
  A worker ant (D:4)
  2 adders
  2 dart slugs
  An orc (D:4)
  2 giant cockroaches (D:3)
  7 goblins
  3 hobgoblins
  A quokka (D:4)
  2 bats
  3 frilled lizards (D:1)
  4 kobolds
  A quokka skeleton (D:4)
  4 rats
33 creatures vanquished.

Notes
Turn   | Place    | Note
-------+----------+-------------------------------------------
     0 | D:1      | EnegeticOcto the Barachi Ice Elementalist began the quest
                  | for the Orb.
     0 | D:1      | Reached XP level 1. HP: 13/13 MP: 3/3
    15 | D:2      | Reached skill level 5 in Ice Magic
    15 | D:2      | Reached XP level 2. HP: 15/19 MP: 0/5
   141 | D:1      | Reached XP level 3. HP: 3/24 MP: 0/6
   145 | D:1      | Learned a level 3 spell: Frozen Ramparts
   190 | D:1      | Reached skill level 6 in Ice Magic
   448 | D:4      | Found Dycucsakk's Gadget Emporium.
   489 | D:4      | Noticed an ogre
   491 | D:4      | Reached XP level 4. HP: 18/30 MP: 3/7
   497 | D:4      | Slain by an ogre

Illustrated notes

Levels and vault maps discovered:
D:1:      heliophobic_arrival_battle_scene, layout_rooms
D:2:      layout_basic
D:3:      layout_loops_ring, nicolae_overflow_hidden_temple,
          chequers_serial_rivers_micro_b, grunt_ministairs_5
D:4:      layout_basic, minmay_temple_entry_steel_oval,
          ebering_ghost_rock_garden, serial_shops, kennysheep_little_box,
          minmay_fountain_box, minmay_starry_boxes, uniq_crazy_yiuf_cottage

Skill      XL: |  1  2  3 |
---------------+----------+-----
Ice Magic      | 5 6 |  6.9
Dodging        | |  2.1
Stealth        | |  1.7
Spellcasting   | |  2.1

Action                   |  1- 3 |  4- 6 || total
-------------------------+-------+-------++-------
Melee: Whip              |    14 |       ||    14
       Dagger            |    23 |       ||    23
       Quarterstaff      |     3 |     6 ||     9
 Cast: Freeze            |    30 |       ||    30
       Frozen Ramparts   |     1 |     1 ||     2
 Abil: Hop               |     4 |       ||     4
  Use: Scroll            |     4 |       ||     4
Armor: Robe              |     8 |     1 ||     9
Dodge: Dodged            |    31 |     8 ||    39
